Map: Dusk Towers

Players

Seigifried

  • Race: Protoss Protoss
  • League: Grandmaster

IIIIIIIIIIII - Winner!

  • Race: Terran Terran
  • League: Platinum

VOD

Have the link to the VOD?

Description

Time

  • Played on: Jan. 30, 2016, 3:10 p.m.
  • Length: 18:37
Show
View Real Time Build Order
Export as new Build Order

Seigifried Protoss 

Build Orders: Blink Stalkers 

Get SALT Encoding   

  12  0:02  Probe (Chrono Boost)  
  13  0:13  Probe (Chrono Boost)  
  14  0:21  Pylon  
  14  0:23  Probe (Chrono Boost)  
  15  0:40  Gateway  
  15  0:42  Assimilator  
  15  0:45  Probe (Chrono Boost)  
  16  0:56  Probe (Chrono Boost)  
  17  1:06  Probe (Chrono Boost)  
  18  1:17  Probe (Chrono Boost), Gateway  
  19  1:27  Cybernetics Core, Probe (Chrono Boost)  
  19  1:29  Pylon  
  20  1:37  Assimilator  
  20  1:42  Probe (Chrono Boost)  
  21  1:52  Probe (Chrono Boost)  
  22  2:04  Stalker (Chrono Boost)  
  22  2:07  Warp Gate  
  26  2:08  Stalker (Chrono Boost)  
  26  2:09  Pylon  
  26  2:39  Nexus  
  26  2:44  Stalker (Chrono Boost)  
  27  2:54  Probe  
  27  2:57  Pylon  
  28  3:04  Twilight Council  
  28  3:15  Probe  
  29  3:27  Probe (Chrono Boost)  
  29  3:30  Robotics Facility  
  29  3:32  Blink (Chrono Boost)  
  30  3:45  Gateway  
  30  3:50  Probe  
  30  3:52  Probe  
  32  4:02  Mothership Core  
  32  4:05  Probe  
  35  4:11  Stalker  
  35  4:13  Stalker  
  40  4:17  Probe  
  40  4:18  Observer (Chrono Boost)  
  41  4:29  Probe x2  
  43  4:31  Pylon  
  43  4:37  Observer (Chrono Boost)  
  44  4:43  Probe x2  
  46  4:49  Pylon  
  46  4:59  Probe x2  
  48  5:01  Assimilator  
  48  5:03  Robotics Bay, Pylon  
  48  5:08  Gateway  
  48  5:13  Probe x2  
  50  5:17  Stalker  
  52  5:22  Assimilator  
  52  5:25  Probe x2  
  53  5:37  Probe x2  
  53  5:39  Observer (Chrono Boost)  
  56  5:49  Probe x2  
  58  5:52  Charge  
  58  5:55  Gateway  
  58  5:56  Gateway  
  58  5:58  Disruptor (Chrono Boost), Pylon  
  61  6:08  Probe x2  
  63  6:11  Stalker  
  65  6:22  Probe  
  66  6:25  Pylon  
  66  6:32  Disruptor (Chrono Boost)  
  69  6:33  Zealot x3  
  69  6:34  Zealot  
  77  6:55  Pylon  
  77  6:58  Nexus  
  77  7:02  Probe x2  
  77  7:05  Disruptor (Chrono Boost)  
  77  7:07  Zealot x2  
  86  7:12  Pylon  
  86  7:18  Zealot  
  86  7:19  Zealot  
  90  7:31  Templar Archives  
  90  7:32  Pylon  
  90  7:35  Zealot  
  90  7:36  Zealot x2  
  96  7:51  Stargate  
  96  7:55  Stargate  
  96  8:01  Zealot x2  
  96  8:02  Zealot x2  
  96  8:03  Probe x2  
  106  8:09  High Templar x2  
  100  8:29  Probe  
  100  8:30  Probe  
  100  8:31  Probe  
  103  8:36  Stalker x2  
  103  8:37  Stalker x2  
  103  8:40  Archon  
  111  8:43  Probe  
  111  8:44  Probe x2  
  114  8:53  Probe  
  115  8:56  Probe x2  
  114  9:04  Probe  
  114  9:08  Probe x2  
  117  9:10  Fleet Beacon  
  117  9:14  Probe  
  117  9:15  Observer Gravitic Boosters  
  118  9:20  Probe  
  118  9:22  Probe  
  120  9:28  Void Ray, Assimilator  
  124  9:31  Assimilator  
  124  9:37  Void Ray (Chrono Boost)  
  128  9:48  Probe  
  128  9:51  Probe, Forge  
  130  9:53  Probe  
  130  9:55  Pylon  
  131  10:08  Stargate  
  131  10:10  Pylon  
  131  10:13  Tempest (Chrono Boost)  
  135  10:19  Tempest (Chrono Boost)  
  135  10:21  Protoss Air Weapons Level 1  
  139  10:26  Photon Cannon  
  138  10:29  Observer  
  138  10:31  Photon Cannon  
  138  10:32  Photon Cannon  
  139  10:51  Gateway x2  
  139  10:53  Tempest (Chrono Boost)  
  139  10:54  Pylon  
  143  10:59  Probe x2  
  143  11:02  Tempest (Chrono Boost)  
  149  11:07  Pylon  
  149  11:12  Pylon  
  149  11:14  Tempest (Chrono Boost)  
  153  11:19  High Templar x2  
  153  11:22  Pylon  
  153  11:23  Archon  
  157  11:27  Protoss Shields Level 1  
  157  11:31  Pylon  
  157  11:41  Probe  
  157  11:42  Probe  
  159  11:51  High Templar x2  
  159  11:54  Nexus  
  162  11:56  Tempest (Chrono Boost), Pylon, Archon  
  156  12:08  Probe x3  
  154  12:12  Pylon  
  154  12:20  Probe x3  
  154  12:21  High Templar  
  154  12:22  High Templar  
  161  12:27  Archon  
  161  12:32  Probe x3  
  161  12:36  Tempest (Chrono Boost)  
  168  12:45  Tempest (Chrono Boost)  
  172  12:52  Photon Cannon  
  172  12:58  Photon Cannon  
  172  13:00  Photon Cannon  
  172  13:03  High Templar x2  
  176  13:07  Archon  
  176  13:17  Tempest (Chrono Boost)  
  180  13:40  Tempest (Chrono Boost)  
  183  13:54  Zealot x3  
  189  14:01  Tempest (Chrono Boost)  
  181  14:09  High Templar  
  174  14:10  High Templar  
  176  14:20  High Templar  
  176  14:23  Pylon  
  178  14:33  Tempest (Chrono Boost)  
  182  14:41  Psionic Storm  
  182  14:59  Zealot x2  
  186  15:00  Zealot x2  
  186  15:03  Nexus  
  186  15:06  Pylon  
  190  15:08  Pylon  
  190  15:10  High Templar  
  192  15:24  High Templar  
  194  15:39  High Templar  
  196  15:47  Nexus  
  196  15:50  Pylon  
  196  15:51  Pylon  
  196  15:55  Zealot x5  
  196  15:56  Zealot  
  186  15:57  Zealot  
  116  16:08  Tempest  
  82  16:12  Tempest  
  78  16:19  Zealot x8  
  92  16:36  Photon Cannon  
  92  16:41  Zealot x4, High Templar  
  102  16:50  Zealot, High Templar  
  102  16:51  Zealot  
  108  16:57  Observer  
  109  17:06  Assimilator  
  109  17:10  Zealot x2, Assimilator  
  109  17:13  High Templar  
  111  17:34  Tempest  
  111  17:43  Tempest  
  119  17:52  Zealot x2  
  119  17:56  High Templar  
  119  17:58  Zealot  
  127  18:00  Observer  
  128  18:06  Photon Cannon  
Show
View Real Time Build Order
Export as new Build Order

IIIIIIIIIIII Terran - Winner!

Build Orders:  

Get SALT Encoding   

  12  0:02  SCV  
  13  0:14  SCV  
  14  0:19  Supply Depot  
  14  0:26  SCV  
  15  0:40  SCV  
  15  0:42  Barracks  
  16  0:47  Refinery  
  16  0:52  SCV  
  17  1:04  SCV  
  18  1:16  SCV  
  19  1:32  Barracks Reactor  
  19  1:33  Orbital Command  
  19  1:37  Engineering Bay  
  19  1:42  Supply Depot  
  19  1:56  Bunker  
  19  1:58  SCV  
  20  2:08  Factory  
  20  2:10  SCV, Marine x2  
  23  2:18  Refinery  
  23  2:22  SCV  
  23  2:29  Supply Depot  
  24  2:31  Marine x2  
  24  2:35  SCV  
  27  2:47  SCV  
  28  2:52  Starport  
  28  2:59  SCV  
  28  3:03  Factory Tech Lab  
  29  3:08  Command Center  
  29  3:11  SCV  
  30  3:23  SCV  
  30  3:27  Armory  
  30  3:33  Supply Depot  
  30  3:35  SCV  
  30  3:40  Cyclone  
  34  3:47  SCV  
  35  3:53  Marine x2  
  37  3:58  Engineering Bay  
  37  4:02  Supply Depot  
  37  4:15  Siege Tank  
  40  4:18  Marine x2  
  40  4:20  SCV  
  43  4:25  Orbital Command  
  42  4:33  SCV  
  43  4:42  Bunker  
  43  4:43  Bunker  
  43  4:45  SCV  
  44  4:52  Siege Tank  
  47  4:54  SCV  
  47  4:58  SCV  
  49  5:04  Missile Turret  
  49  5:06  SCV  
  50  5:10  SCV  
  50  5:13  Drilling Claws  
  51  5:19  SCV  
  52  5:22  SCV  
  52  5:25  Factory  
  53  5:32  SCV  
  53  5:35  SCV  
  55  5:40  Refinery  
  55  5:41  Refinery  
  55  5:42  Supply Depot  
  55  5:44  SCV, Supply Depot  
  55  5:47  SCV  
  55  5:49  Siege Tank  
  60  5:56  SCV  
  61  5:59  SCV  
  61  6:03  Marine  
  63  6:08  SCV  
  63  6:09  Starport  
  64  6:11  SCV  
  65  6:20  SCV  
  65  6:22  Siege Tank  
  65  6:23  SCV  
  70  6:32  SCV  
  71  6:33  Widow Mine x2  
  71  6:35  SCV  
  76  6:40  Barracks Reactor, Supply Depot  
  76  6:44  Armory, SCV, Supply Depot  
  77  6:48  SCV  
  77  6:54  Siege Tank  
  81  6:56  SCV, Medivac  
  81  7:00  SCV  
  85  7:02  Widow Mine  
  87  7:09  SCV  
  87  7:13  SCV  
  89  7:21  SCV  
  89  7:22  Liberator x2  
  90  7:23  Command Center  
  90  7:25  SCV  
  90  7:26  Supply Depot x2  
  90  7:39  Widow Mine  
  90  7:40  Widow Mine  
  90  7:43  Supply Depot  
  100  7:49  Terran Vehicle And Ship Armor Level 1, Terran Vehicle Weapons Level 1  
  100  8:00  Supply Depot  
  100  8:01  Supply Depot x2  
  100  8:03  Supply Depot  
  100  8:05  Command Center  
  100  8:08  Siege Tank  
  103  8:14  Factory, Liberator  
  103  8:19  Starport  
  103  8:29  SCV  
  103  8:30  Widow Mine x2  
  111  8:38  Supply Depot  
  111  8:40  Orbital Command  
  111  8:47  Siege Tank  
  112  8:50  Supply Depot  
  112  8:55  Starport Tech Lab  
  112  9:02  Orbital Command  
  108  9:08  SCV x2  
  108  9:20  SCV x2  
  110  9:27  Factory Tech Lab, Missile Turret  
  110  9:28  SCV, Raven  
  110  9:31  Hellion x2, Siege Tank  
  120  9:33  SCV x2  
  125  9:40  SCV, Medivac  
  125  9:45  SCV x2, Refinery  
  125  9:48  Refinery  
  125  9:52  SCV  
  126  9:54  Hellion x2  
  126  9:57  Command Center, SCV x2, Orbital Command  
  132  10:00  Viking, Refinery  
  134  10:07  Siege Tank  
  134  10:10  Viking  
  139  10:14  Factory  
  139  10:25  Widow Mine x2  
  139  10:26  Siege Tank  
  146  10:30  SCV  
  146  10:33  Viking  
  149  10:35  Raven  
  149  10:42  SCV  
  152  10:43  Bunker  
  152  10:44  Bunker  
  152  10:46  Viking  
  152  10:48  Refinery  
  154  10:53  Terran Vehicle Weapons Level 2  
  154  10:54  SCV, Hellion x2  
  154  10:56  Terran Vehicle And Ship Armor Level 2  
  159  11:05  Viking  
  159  11:06  SCV  
  162  11:13  Factory Reactor  
  162  11:16  Viking  
  164  11:18  SCV  
  164  11:25  Hellion x2  
  169  11:26  Siege Tank  
  169  11:27  Starport  
  169  11:30  Viking  
  174  11:35  Viking  
  174  11:36  Supply Depot  
  174  11:37  SCV  
  177  11:49  SCV  
  177  11:52  Viking  
  180  12:00  Viking  
  180  12:03  Planetary Fortress  
  172  12:13  Starport Reactor  
  172  12:14  Starport Tech Lab  
  172  12:15  Starport  
  172  12:16  Refinery  
  172  12:17  Sensor Tower  
  172  12:18  Viking, Missile Turret  
  172  12:19  Hellion x2, Missile Turret  
  172  12:20  Hellion x2, Siege Tank, Missile Turret x2  
  172  12:21  Siege Tank  
  172  12:22  Viking  
  190  12:25  Command Center  
  190  12:36  Raven x2  
  194  12:41  Hellion x3  
  194  12:42  Factory  
  200  12:49  Refinery  
  200  12:52  Factory  
  200  12:58  Missile Turret  
  200  12:59  Missile Turret  
  200  13:00  Missile Turret  
  200  13:08  Command Center  
  200  13:15  Terran Vehicle Weapons Level 3  
  200  13:16  Terran Vehicle And Ship Armor Level 3  
  200  13:17  Armory  
  200  13:32  Factory Reactor  
  200  13:34  Starport Tech Lab  
  200  13:37  Fusion Core  
  183  14:17  Raven x3  
  189  14:24  Refinery  
  189  14:28  Refinery  
  189  14:29  Planetary Fortress  
  189  14:32  Missile Turret  
  189  14:34  Starport  
  189  14:35  Starport, Missile Turret  
  189  14:37  Starport x2, Missile Turret  
  189  14:38  Starport, Missile Turret  
  189  14:39  Sensor Tower  
  189  14:45  Viking x2  
  191  14:48  Factory Tech Lab, Hellion x4  
  199  15:07  Orbital Command  
  199  15:21  Starport Tech Lab x4  
  199  15:43  Liberator x2  
  196  15:53  Terran Ship Weapons Level 1  
  166  15:59  Battlecruiser, Raven x2  
  166  16:00  Battlecruiser  
  127  16:14  Battlecruiser x3  
  127  16:17  Hellion x5  
  127  16:18  Hellion  
  131  16:26  Hellion x2  
  131  16:27  Hellion  
  134  16:35  Starport Tech Lab  
  134  16:38  Hellion x3  
  134  16:39  Hellion x3  
  146  16:42  Battlecruiser  
  146  16:43  Refinery  
  146  16:45  Refinery  
  152  16:50  Orbital Command  
  152  16:55  Missile Turret  
  152  16:56  Missile Turret x2  
  152  16:57  Missile Turret  
  152  16:59  Raven x2  
  158  17:01  Hellion x2  
  158  17:02  SCV, Hellion x2  
  158  17:04  Battlecruiser x2  
  177  17:10  Infernal Pre-Igniter  
  177  17:15  SCV  
  176  17:18  Battlecruiser  
  182  17:27  SCV  
  182  17:28  Viking x2, Raven x2  
  185  17:34  Weapon Refit  
  181  17:38  SCV  
  181  17:42  Hellion x3  
  181  17:43  Hellion x2, Raven  
  194  17:45  Viking  
  194  17:46  Viking  
  194  17:50  SCV  
  199  18:01  Command Center  
  199  18:02  SCV  
  200  18:07  Refinery  
  200  18:08  Refinery  
  200  18:10  Command Center x2  
Tags
 
Add a new tag
Caveats
  • Supply blocks, unpowered buildings, or Contaminate may cause inaccurate times.
  • Supply counts are checked every 10 seconds.